 Dungeon Crawl Stone Soup version 0.28-a0-1395-g4f6bc678fa (webtiles) character file.

Game seed: 10819505237854573886

304 HallandMoats the Chopper (level 6, -3/48 HPs)
             Began as a Mummy Monk on Jan 5, 2022.
             Slain by Edmund (6 damage)
             ... on level 4 of the Dungeon.
             The game lasted 00:05:56 (4155 turns).

HallandMoats the Chopper (Mummy Monk)               Turns: 4155, Time: 00:05:56

Health: -3/48      AC: 12    Str: 17    XL:     6   Next: 15%
Magic:  6/6        EV:  8    Int:  9    God:
Gold:   136        SH:  0    Dex: 14    Spells: 5/5 levels left

rFire   x . .      SeeInvis .   a - +0 hand axe (vorpal)
rCold   + . .      Faith    .   i - orb {light}
rNeg    + + +      Spirit   .   d - +0 chain mail
rPois   ∞          Reflect  .   (no helmet)
rElec   .          Harm     .   (no cloak)
rCorr   .          Rampage  .   (no gloves)
Will    .....                   (no boots)
Stlth   ..........              (no amulet)
HPRegen 0.16/turn               h - +4 ring of protection
MPRegen 0.10/turn               (no ring)

@: glowing
A: cold resistance 1, negative energy resistance 3, torment resistance 2, heat
vulnerability 1, no potions
a: no special abilities


You were on level 4 of the Dungeon.
You visited 1 branch of the dungeon, and saw 5 of its levels.

You collected 136 gold pieces.

Inventory:

Hand Weapons
 a - a +0 vorpal hand axe (weapon)
 b - a +4 short sword
Armour
 d - a +0 chain mail (worn)
 i - an orb of light (worn)
Jewellery
 h - a +4 ring of protection (left hand)
 j - a ring of see invisible
Scrolls
 c - a scroll of blinking {unknown}
 e - a scroll of enchant weapon
 f - 2 scrolls of teleportation {unknown}
 g - a scroll of magic mapping {unknown}
 k - a scroll of noise {unknown}
 l - a scroll of holy word {unknown}
 m - a scroll of identify {unknown}
 n - 2 scrolls of silence {unknown}


   Skills:
 + Level 4.0 Fighting
 * Level 4.1 Axes
 + Level 2.0 Armour
 + Level 3.3 Dodging
 - Level 1.5 Stealth


You had 5 spell levels left.
You didn't know any spells.
Your spell library contained the following spells:

 Spells                   Type           Power      Damage    Failure   Level
 Conjure Flame            Conj/Fire      0%         6-21      100%        3
 Ignite Poison            Fire/Tmut/Pois 0%         N/A       100%        3
 Portal Projectile        Hex/Tloc       0%         N/A       100%        3
 Sticky Flame             Conj/Fire      0%         2d3       100%        4
 Excruciating Wounds      Necr           0%         N/A       100%        5
 Blade Hands              Tmut           Unusable   N/A       N/A         5

Dungeon Overview and Level Annotations

Branches:
Dungeon (5/15)             Temple (0/1) D:4

Altars:
Vehumet

Annotations:
D:4 Edmund


Innate Abilities, Weirdness & Mutations

You are immune to poison.
Your flesh is cold resistant. (rC+)
You are immune to negative energy. (rN+++)
You are immune to unholy pain and torment.
You are vulnerable to heat. (rF-)
You do not drink.


Message History

You hit Edmund but do no damage.
Edmund is lightly wounded.
Edmund says, "You wouldn't believe how much I paid for this flail."
Edmund hits you with a +2 flail of protection.
You hit Edmund but do no damage.
Edmund is lightly wounded.
Edmund closely misses you.
You hit Edmund but do no damage.
Edmund is lightly wounded.
Edmund hits you but does no damage.
You hit Edmund.
Edmund is moderately wounded.
Edmund barely misses you.
You hit Edmund but do no damage.
Edmund is moderately wounded.
Edmund hits you with a +2 flail of protection!
You barely miss Edmund.
Edmund is moderately wounded.
Edmund closely misses you.
Edmund hits you with a +2 flail of protection.
* * * LOW HITPOINT WARNING * * *
You hit Edmund.
Edmund is moderately wounded.
Edmund hits you but does no damage.
You hit Edmund but do no damage.
Edmund is moderately wounded.
Edmund hits you with a +2 flail of protection.
* * * LOW HITPOINT WARNING * * *
You hit Edmund but do no damage.
Edmund is moderately wounded.
Edmund hits you but does no damage.
Really walk into a travel-excluded area?
There is a radiant altar of Vehumet here.
Edmund hits you but does no damage.
Edmund is engulfed in blazing flames.
Edmund is engulfed in blazing flames.
Edmund hits you with a +2 flail of protection!
* * * LOW HITPOINT WARNING * * *
Edmund hits you with a +2 flail of protection.
You die...

#.# #..........#
#.###)>..(.....#
#.##...........#
#######.##...........#
........##...........#
#..........☼.........#
#........○.☼.........#
#......@○.○°.#'#######
#.!.....@..○§..#
>..............#
.............#.#
#........#...#.#
#........#####.#
#........# #.#
#........# ...
###'###### #.# ..#


You could see Edmund.

Vanquished Creatures
  A necrophage (D:4)
  2 orc priests
  An iguana (D:5)
  An orc wizard (D:3)
  6 adders
  2 worms
  A dart slug (D:3)
  4 orcs
  A ball python (D:3)
  6 endoplasms
  2 giant cockroaches
  2 hobgoblins
  5 kobolds
  4 quokkas
  5 bats
  3 frilled lizards
  A quokka skeleton (D:4)
  3 rats
50 creatures vanquished.

Notes
Turn   | Place    | Note
-------+----------+-------------------------------------------
     0 | D:1      | HallandMoats the Mummy Monk began the quest for the Orb.
     0 | D:1      | Reached XP level 1. HP: 18/18 MP: 1/1
   485 | D:1      | Reached XP level 2. HP: 24/24 MP: 2/2
  1262 | D:2      | Found a faded altar of an unknown god.
  2066 | D:3      | Noticed a black bear
  2349 | D:3      | Reached XP level 3. HP: 29/29 MP: 3/3
  3035 | D:3      | Reached skill level 1 in Armour
  3222 | D:3      | Reached XP level 4. HP: 9/35 MP: 4/4
  3678 | D:4      | Reached XP level 5. HP: 40/42 MP: 5/5
  3698 | D:4      | Noticed a necrophage
  3706 | D:4      | Killed a necrophage
  3763 | D:4      | Found a radiant altar of Vehumet.
  3778 | D:4      | Noticed Edmund
  3808 | D:4      | Found a staircase to the Ecumenical Temple.
  3819 | D:5      | Entered Level 5 of the Dungeon
  3928 | D:5      | Reached XP level 6. HP: 16/48 MP: 6/6
  4155 | D:4      | Slain by Edmund

Illustrated notes

Levels and vault maps discovered:
D:1:      dpeg_arrival_round_b, layout_basic, chequers_serial_rivers_large_a,
          nicolae_wormholes
D:2:      layout_loops_corners, dreamdust_ecumenical_altar_grove,
          serial_aquarium, aquarium_bridge_square [aquarium_subvault_balcony,
          aquarium_subvault_bridge, aquarium_subvault_window,
          aquarium_subvault_bridge], aquarium_window_2, aquarium_window_fake,
          aquarium_window_double, aquarium_window_1, aquarium_view_2g,
          aquarium_view_2b, aquarium_pool_1, minivault_24
D:3:      layout_loops_corners
D:4:      layout_basic, fiery_altar_vehumet, minmay_temple_entry_proselytizer,
          uniq_crazy_yiuf_cottage, uniq_robin, uniq_edmund
D:5:      layout_gridville, fedhas_altar_2, zin_scriptorium, uniq_grinder,
          uniq_pikel, uniq_sigmund, uniq_duvessa, uniq_ijyb

Skill      XL: |  1  2  3  4  5  6 |
---------------+-------------------+-----
Axes           | 3 4 |  4.1
Armour         | 1 2 |  2.0
Dodging        | 3 |  3.3
Fighting       | 4 |  4.0
Stealth        | |  1.5

Action                   |  1- 3 |  4- 6 || total
-------------------------+-------+-------++-------
Melee: Hand axe          |   116 |    68 ||   184
       Short sword       |       |     4 ||     4
  Use: Scroll            |     1 |       ||     1
Armor: Chain mail        |    87 |    42 ||   129
Dodge: Dodged            |    43 |    25 ||    68

Table legend: (Time is in decaauts)
 A = Elapsed time spent in this place.
 B = Non-inter-level travel time spent in this place.
 C = Inter-level travel time spent in this place.
 D = Time resting spent in this place.
 E = Time spent auto-exploring this place.
 F = Levels seen in this place.
 G = Mean time per level.
                   A        B        C        D        E       F      G
               +--------+--------+--------+--------+--------+-----+--------+
         Total |   4192 |   4090 |    102 |    717 |   2737 |   5 |  838.4 |
       Dungeon |   4192 |   4090 |    102 |    717 |   2737 |   5 |  838.4 |
               +--------+--------+--------+--------+--------+-----+--------+

Top non-repeatable levels by time:
     D:3: 1534 daAuts
     D:2: 1103 daAuts
     D:1: 1059 daAuts
     D:5: 307 daAuts
     D:4: 186 daAuts
